 Dungeon Crawl Stone Soup version 0.30-a0-778-g2ef04afb54 (webtiles) character file.

Game seed: 11853385758413887261

1223 Pimp the Slasher (level 8, 0/58 HPs)
             Began as a Djinni Gladiator on Feb 16, 2023.
             Was a Follower of Okawaru.
             Slain by a dream sheep (7 damage)
             ... on level 7 of the Dungeon.
             The game lasted 00:16:21 (5208 turns).

Pimp the Slasher (Djinni Gladiator)                 Turns: 5208, Time: 00:16:21

Health: 0/58       AC: 14    Str: 13    XL:     8   Next: 76%
Gold:   199        EV:  7    Int: 10    God:    Okawaru [*.....] SH:  0 Dex: 17

rFire   + + .      SeeInvis .    B - +2 scimitar (elec)
rCold   x . .      Faith    .    (no shield)
rNeg    . . .      Spirit   .    i - +0 chain mail
rPois   ∞          Reflect  .    o - +2 helmet "Kadorint" {Rampage Will+ Regen+}
rElec   .          Harm     .    t - +0 cloak
rCorr   .          Rampage  +    (no gloves)
Will    +....                    (boots unavailable) Stlth
                                 (no amulet)
HPRegen 1.09/turn                (no ring)
MPRegen 0.00/turn                (no ring)

@: flying
A: sickness immunity, fire resistance 2, cold vulnerability 1, float, innate
caster, HP casting, extra vitality 1
a: Renounce Religion, Heroism


You were on level 7 of the Dungeon.
You worshipped Okawaru.
Okawaru was aware of your devotion.
You visited 2 branches of the dungeon, and saw 8 of its levels.

You collected 420 gold pieces.
You spent 221 gold pieces at shops.

Inventory:

Hand Weapons
 a - a +0 long sword
 g - a +1 dagger of venom
 B - a +2 scimitar of electrocution (weapon)
Missiles
 d - 3 throwing nets (quivered)
 e - 3 javelins
 l - 4 curare-tipped darts
 m - 4 poisoned darts
Armour
 i - a +0 chain mail (worn)
 o - the +2 helmet "Kadorint" (worn) {Rampage Will+ Regen+}
   (You found it on level 2 of the Dungeon)

   Regen:     It increases your rate of health regeneration.
   Rampage:   It bestows one free step when moving towards enemies.
   Will:      It increases your willpower.
 t - a +0 cloak (worn)
Jewellery
 v - a +5 ring of evasion
Wands
 f - a wand of digging (6)
Scrolls
 c - 2 scrolls of identify
 j - a scroll of poison {unknown}
 n - a scroll of blinking {unknown}
 p - a scroll of fog {unknown}
 x - 2 scrolls of enchant armour {unknown}
 y - a scroll of silence {unknown}
Potions
 b - 5 potions of heal wounds
 h - a potion of lignification {unknown}
 k - a potion of degeneration {unknown}
 q - 5 potions of curing
 s - a potion of haste {unknown}
 u - a potion of ambrosia {unknown}
 w - a potion of attraction {unknown}
 z - 2 potions of cancellation
 A - 2 potions of brilliance {unknown}


   Skills:
 + Level 4.1 Fighting
 + Level 7.1 Long Blades
 + Level 1.6 Throwing
 + Level 4.9 Armour
 + Level 4.1 Dodging
 + Level 0.2 Stealth


You had one spell level left.
You knew the following spells:

 Your Spells              Type           Power      Damage    Failure   Level
a - Kiss of Death         Conj/Necr      0%         2d5       100%        1
b - Poisonous Vapours     Pois/Air       0%         N/A       100%        2
c - Teleport Other        Tloc           0%         N/A       100%        3
Your spell library was empty.


Dungeon Overview and Level Annotations

Branches:
Dungeon (7/15)             Temple (1/1) D:6

Altars:
Ashenzari
Cheibriados
Dithmenos
Elyvilon
Gozag
Hepliaklqana
Makhleb
Nemelex Xobeh
Okawaru
Ru
Uskayaw
Wu Jian
Xom
Yredelemnul

Shops:
D:1 *   D:4 (([


Innate Abilities, Weirdness & Mutations

You are immune to sickness and miasma.
You are immune to poison.
Your flesh is very heat resistant. (rF++)
You are vulnerable to cold. (rC-)
You float through the air rather than walking.
You learn spells naturally, not from books.
Your magical power is your life essence.
You have superior vitality. (+4 MHP)


Message History

The dream sheep bites you.
The dream sheep bites you but does no damage.
The orc hits you but does no damage. The dream sheep bites you!
The orc hits you but does no damage.
The dream sheep bites you but does no damage.
You slash the orc!
You kill the orc!
Okawaru accepts your kill.
The dream sheep bites you but does no damage.
The orc barely misses you. The orc hits you but does no damage.
The dream sheep bites you but does no damage.
The dream sheep closely misses you.
The dream sheep bites you but does no damage.
The dream sheep attacks as you move away!
The dream sheep bites you!
The dream sheep attacks as you move away!
The dream sheep bites you!
* * * LOW HITPOINT WARNING * * *
The dream sheep attacks as you move away!
The dream sheep bites you!
* * * LOW HITPOINT WARNING * * *
Found an escape hatch in the ceiling.
The orc closely misses you.
The orc throws a boomerang.
The boomerang hits you but does no damage.
Items here: )) [[ †.
The gnoll bouda gazes fiercely through you!
You feel your attacks grow feeble.
The dream sheep attacks as you move away!
The dream sheep barely misses you.
The dream sheep attacks as you move away!
The dream sheep closely misses you.
The dream sheep attacks as you move away!
The dream sheep bites you!
* * * LOW HITPOINT WARNING * * *
The dream sheep attacks as you move away!
The dream sheep bites you but does no damage.
Your attacks no longer feel as feeble.
The dream sheep attacks as you move away!
The dream sheep bites you!
You die...

..........)......<.
...........gY##### .
#......##..o.## ##
.. #...... ##.YY.#
.###... ##.###.
##..Y###.....# ..
...#...oo.#...#.#
............# .. .
...#....#.Y##.#....
...##.#.###.@.......
... ##### ##........
.. #........
......... .........
##........ #...##...
....# ...


You could see 4 dream sheep and 3 orcs.

Vanquished Creatures
  2 sky beasts
  A black bear (D:6)
  A necrophage (D:6)
  A scorpion (D:5)
  4 wights (D:6)
  2 hounds (D:6)
  3 jellies
  Crazy Yiuf (D:7)
  3 orc priests
  Natasha (twice) (D:3)
  4 iguanas
  2 orc wizards
  6 adders
  A worm (D:4)
  3 dart slugs
  22 orcs
  8 endoplasms
  A giant cockroach (D:1)
  6 goblins
  5 hobgoblins
  4 quokkas
  6 ball pythons
  8 bats
  A frilled lizard (D:1)
  5 kobolds
  6 rats
108 creatures vanquished.

Notes
Turn   | Place    | Note
-------+----------+-------------------------------------------
     0 | D:1      | Pimp the Djinni Gladiator began the quest for the Orb.
     0 | D:1      | Reached XP level 1. HP: 18/18 MP: 0/0
   215 | D:1      | Reached XP level 2. HP: 23/23 MP: 0/0
   311 | D:1      | Reached skill level 3 in Long Blades
   478 | D:1      | Found a basalt altar of Yredelemnul.
   515 | D:1      | Found Ohemoil's General Store.
   662 | D:1      | Reached XP level 3. HP: 28/28 MP: 0/0
   662 | D:1      | Learned a level 1 spell: Kiss of Death
   667 | D:1      | Found a faded altar of an unknown god.
  1057 | D:2      | Identified the +1 pair of boots of Knowledge {-Tele rF++}
  1168 | D:2      | Identified the +2 helmet "Kadorint" {Rampage Will+ Regen+}
  1351 | D:2      | Found a snail-covered altar of Cheibriados.
  1401 | D:2      | Reached skill level 1 in Armour
  1401 | D:2      | Reached XP level 4. HP: 34/34 MP: 0/0
  1997 | D:3      | Noticed Natasha
  2012 | D:3      | Killed Natasha
  2036 | D:3      | Reached XP level 5. HP: 39/39 MP: 0/0
  2036 | D:3      | Learned a level 2 spell: Poisonous Vapours
  2070 | D:3      | Reached skill level 4 in Long Blades
  2519 | D:3      | Noticed Natasha
  2529 | D:3      | Killed Natasha
  2578 | D:4      | Found Xeclyzyam's Armour Shop.
  2896 | D:4      | Reached XP level 6. HP: 45/45 MP: 0/0
  2943 | D:4      | Found Tokuwuv's Weapon Boutique.
  3477 | D:4      | Found Goetoem's Weapon Emporium.
  3485 | D:4      | Bought a +1 scimitar of electrocution for 221 gold pieces
  3751 | D:5      | Entered Level 5 of the Dungeon
  3903 | D:5      | Reached skill level 5 in Long Blades
  4034 | D:5      | Reached XP level 7. HP: 49/49 MP: 0/0
  4034 | D:5      | Learned a level 3 spell: Teleport Other
  4358 | D:6      | Found a staircase to the Ecumenical Temple.
  4370 | Temple   | Entered the Ecumenical Temple
  4516 | D:6      | Found a sacrificial altar of Ru.
  4607 | D:6      | Found an iron altar of Okawaru.
  4616 | D:6      | Became a worshipper of Warmaster Okawaru
  4741 | D:6      | Reached skill level 6 in Long Blades
  4741 | D:6      | Reached XP level 8. HP: 55/57 MP: 0/0
  4996 | D:6      | Reached * piety under Okawaru
  5116 | D:7      | Found a runed translucent door.
  5117 | D:7      | Noticed Crazy Yiuf
  5121 | D:7      | Killed Crazy Yiuf
  5122 | D:7      | Reached skill level 7 in Long Blades
  5186 | D:7      | Noticed a dream sheep
  5186 | D:7      | Noticed a dream sheep
  5186 | D:7      | Noticed a dream sheep
  5187 | D:7      | Noticed a dream sheep
  5204 | D:7      | HP: 2/58 [dream sheep (8)]
  5208 | D:7      | Slain by a dream sheep

Illustrated notes

Levels and vault maps discovered:
D:1:      dpeg_arrival_lava_altar, layout_loops_corners, serial_shops,
          nicolae_shop_behind_doors, nicolae_ecumenical_snake_handling
D:2:      layout_loops_corners, basic_altar
D:3:      layout_loops_ring, minmay_misc_feat_plants, uniq_natasha
D:4:      layout_basic, serial_shops, shop, nicolae_shop_bloodbath_and_beyond,
          nicolae_inconvenience_store, roderic_serpentine_path
D:5:      layout_rooms, minmay_misc_feat_diagonals, dk_noncrumbling_4,
          dk_rats_in_the_wall
D:6:      layout_gridville, mainiacjoe_overflow_cross_hatched,
          overflow_temple_1_default, minmay_temple_entry_proselytizer
D:7:      layout_cave_pools, trog_hazing_becter, enter_bailey_2,
          dreamdust_gnoll_shepherd, uniq_crazy_yiuf_cottage
Temple:   nicolae_temple_two_arcs

Skill      XL: |  1  2  3  4  5  6  7  8 |
---------------+-------------------------+-----
Long Blades    | 3 4 5 6 7 |  7.1
Armour         | 1 2 3 4 |  4.9
Dodging        | 4 |  4.1
Fighting       | 3 4 |  4.1
Throwing       | |  1.6
Stealth        | |  0.2

Action                     |  1- 3 |  4- 6 |  7- 9 || total
---------------------------+-------+-------+-------++-------
  Melee: Long sword        |   108 |   117 |       ||   225
         Punch             |     1 |     3 |       ||     4
         Scimitar          |       |    54 |    84 ||   138
    Use: Scroll            |       |     9 |       ||     9
 Armour: Leather armour    |    17 |       |       ||    17
         Chain mail        |    63 |   132 |    73 ||   268
  Dodge: Dodged            |    80 |    76 |    27 ||   183

Table legend: (Time is in decaauts)
 A = Elapsed time spent in this place.
 B = Non-inter-level travel time spent in this place.
 C = Inter-level travel time spent in this place.
 D = Time resting spent in this place.
 E = Time spent auto-exploring this place.
 F = Levels seen in this place.
 G = Mean time per level.
                   A        B        C        D        E       F      G
               +--------+--------+--------+--------+--------+-----+--------+
         Total |   5283 |   4991 |    292 |     19 |   3679 |   8 |  660.4 |
       Dungeon |   5175 |   4883 |    292 |     19 |   3679 |   7 |  739.3 |
        Temple |    107 |    107 |      0 |      0 |      0 |   1 |  107.0 |
               +--------+--------+--------+--------+--------+-----+--------+

Top non-repeatable levels by time:
     D:4: 1180 daAuts
     D:1: 1012 daAuts
     D:2: 826 daAuts
     D:3: 790 daAuts
     D:6: 701 daAuts
     D:5: 523 daAuts
     D:7: 140 daAuts
  Temple: 107 daAuts
